 Dungeon Crawl Stone Soup version 0.31.0-11-ge490571c62 (webtiles) character file.

Game seed: 8127379875611274843

3 Minsecho the Ducker (level 1, 0/11 HPs)
             Began as a Spriggan Monk on Jan 29, 2024.
             Slain by a ball python (1 damage)
             ... on level 2 of the Dungeon.
             The game lasted 00:00:30 (167 turns).

Minsecho the Ducker (Spriggan Monk)                  Turns: 167, Time: 00:00:30

Health: 0/11       AC:  2    Str:  7    XL:     1   Next: 41%
Magic:  2/2        EV: 15    Int: 11    God:
Gold:   14         SH:  0    Dex: 17    Spells: 0/0 levels left

rFire   . .          .
                       - Unarmed
rCold   . . .        c - orb {light}
rNeg    . . .        a - +0 robe
rPois   .            (helmet restricted)
rElec   .            (no cloak)
rCorr   .            (gloves unavailable)
SInv    +            (boots unavailable)
Will    .....        (no amulet)
Stlth   +            (no ring)
HPRegen 0.21/turn    (no ring)
MPRegen 0.08/turn

%: no passive effects
@: glowing, constricted, very quick
A: very small, no large weapons, unfitting armour, see invisible, speed 3
a: no special abilities


You were on level 2 of the Dungeon.
You visited 1 branch of the dungeon, and saw 2 of its levels.

You collected 14 gold pieces.

Inventory:

Armour
 a - a +0 robe (worn)
 c - an orb of light (worn)


   Skills:
 + Level 2.5 Fighting
 + Level 4.1 Dodging
 + Level 2.5 Unarmed Combat


You couldn't memorise any spells.
You didn't know any spells.
Your spell library was empty.

Dungeon Overview and Level Annotations

Branches:
Dungeon (1/15)

Altars:


Innate Abilities, Weirdness & Mutations

You are very small and have problems with some larger weapons.
You are too small for most types of armour.
You have supernaturally acute eyesight. (SInv)
You cover ground extremely quickly. (Speed+++)


Message History

You're too confused to attack without stumbling around!
You're too confused to attack without stumbling around!
You feel sick.
You feel less invigorated.
You feel less confused.
You feel sick.
You swing at nothing.
You feel sick.
You are no longer poisoned.
You hit the adder but do no damage.
The adder is heavily wounded.
The adder completely misses you.
The ball python bites you but does no damage.
The ball python closely misses you. The adder barely misses you.
You hit the adder.
The adder is severely wounded.
The ball python misses you. The ball python barely misses you.
The adder closely misses you.
You hit the adder but do no damage.
The adder is severely wounded.
The ball python bites you. The ball python grabs you.
The ball python constricts you. The adder closely misses you.
The ball python bites you. The ball python constricts you.
You closely miss the adder.
The adder is severely wounded.
The adder closely misses you. The ball python closely misses you.
The ball python constricts you. The adder closely misses you.
You hit the adder but do no damage.
The adder is severely wounded.
The ball python bites you. The ball python constricts you. The adder bites you.
* * * LOW HITPOINT WARNING * * *
You hit the adder.
The adder is severely wounded.
The ball python barely misses you. The ball python constricts you.
* * * LOW HITPOINT WARNING * * *
The adder bites you but does no damage.
You aren't carrying any scrolls.
You hit the adder.
The adder is almost dead.
The ball python bites you.
You die...

###########.
#...........
##.###.########..
..........######
.######..S@(...#
#..S.....#
###......#
#......# #......#
#......# #......#
########


You could see an adder and a ball python.

Vanquished Creatures
  An endoplasm (D:1)
  A bat (D:1)
  A frilled lizard (D:1)
  A rat (D:1)
4 creatures vanquished.

Notes
Turn   | Place    | Note
-------+----------+-------------------------------------------
     0 | D:1      | Minsecho the Spriggan Monk began the quest for the Orb.
     0 | D:1      | Reached XP level 1. HP: 11/11 MP: 2/2
   140 | D:1      | You fall into a shaft and drop 1 floor!
   167 | D:2      | Slain by a ball python

Illustrated notes

Levels and vault maps discovered:
D:1:      zelgadis_glass_arrival_small, layout_basic, serial_glass,
          glass_columns_c, glass_columns_a,
          hellmonk_ecumenical_altar_heavens_door
D:2:      layout_basic, uniq_robin

Action                     || total
---------------------------++-------
  Melee: Unarmed           ||    24
    Use: Potion            ||     1
 Armour: Robe              ||    12
  Dodge: Dodged            ||    39
